 Dungeon Crawl Stone Soup version 0.19.4-9-g45fd643 (webtiles) character file.

306 equalderp2856 the Scratcher (level 6, -11/28 HPs)
             Began as a Felid Fighter on Feb 17, 2017.
             Mangled by a gnoll sergeant
             ... wielding a +0 trident
              (12 damage)
             ... on level 4 of the Dungeon.
             The game lasted 00:12:25 (4667 turns).

equalderp2856 the Scratcher (Felid Fighter)         Turns: 4667, Time: 00:12:25

Health: -11/28     AC:  2    Str: 13    XL:     6   Next: 16%
Magic:  7/7        EV: 21    Int: 10    God:
Gold:   146        SH:  0    Dex: 16    Spells: 0 memorised, 5 levels left
                                        Lives:  0   Deaths: 1

rFire  . . .     SeeInvis +       - Unarmed
rCold  . . .     Gourm    .     (armour unavailable)
rNeg   . . .     Faith    .     (shield unavailable)
rPois  .         Spirit   .     (helmet unavailable)
rElec  .         Reflect  .     (cloak unavailable)
rCorr  .         Harm     .     (gloves unavailable)
MR     .....                    (boots unavailable)
Stlth  +++.......               (no amulet)
                                (no ring)
                                (no ring)

@: quick
A: no armour, no weapons or thrown items, stealth, claws 1, fangs 3, see
invisible, carnivore 3, speed 1, shaggy fur 2, slow metabolism 1, sharp paws
a: no special abilities


You were on level 4 of the Dungeon.
You were not hungry.

You visited 1 branch of the dungeon, and saw 5 of its levels.

You collected 146 gold pieces.

Inventory:

Missiles
 f - 73 arrows
 m - 8 needles of sleeping
 p - 44 bolts
 q - 4 tomahawks
Jewellery
 k - a +3 ring of dexterity {unknown}
 t - an uncursed ring of positive energy {unknown}
 u - a cursed ring of loudness {unknown}
Scrolls
 c - 6 scrolls of identify {unknown}
 e - 3 scrolls of remove curse {unknown}
 i - 3 scrolls of teleportation {unknown}
 j - a scroll of fear {unknown}
 s - a scroll of fog {unknown}
Potions
 a - 2 potions of might
 d - a potion of curing
 h - a potion of cure mutation {unknown}
 n - a potion of cancellation {unknown}
 o - a potion of resistance {unknown}
 r - a potion of heal wounds {unknown}
Comestibles
 b - 3 meat rations
 g - a beef jerky
 l - 4 bread rations


   Skills:
 + Level 3.3 Fighting
 + Level 5.3 Dodging
 + Level 5.0 Stealth
 + Level 6.2 Unarmed Combat


You had 5 spell levels left.
You didn't know any spells.

Dungeon Overview and Level Annotations

Branches:
Dungeon (5/15)             Temple (0/1) D:5

Altars:
Cheibriados
Elyvilon
Gozag

Annotations:
D:4 Menkaure


Innate Abilities, Weirdness & Mutations

You cannot wear armour.
You are incapable of wielding weapons or throwing items.
Your paws allow you to move quietly. (Stealth)
You have sharp claws.
You have razor-sharp teeth.
You have supernaturally acute eyesight. (SInv)
You are carnivorous and can eat meat at any time.
You cover ground quickly.
You are covered in thick fur. (AC +2)
You have a slow metabolism.
Your sharp claws are effective at attacking unaware monsters.


Message History

Your Stealth skill increases to level 5!
You see here a hound corpse.
The gnoll sergeant hits you with a trident!
You claw the gnoll sergeant! Your claw misses the gnoll sergeant.
The gnoll sergeant is moderately wounded.
The gnoll sergeant hits you with a trident.
You scratch the gnoll sergeant but do no damage.
You claw the gnoll sergeant.
You bite the gnoll sergeant, but do no damage.
The gnoll sergeant is moderately wounded.
The gnoll sergeant completely misses you.
You claw the gnoll sergeant!
The gnoll sergeant is heavily wounded.
You scratch the gnoll sergeant but do no damage.
The gnoll sergeant is heavily wounded.
The gnoll sergeant hits you with a trident!
Ouch! That really hurt!
* * * LOW HITPOINT WARNING * * *
The gnoll sergeant hits you from afar with a trident!
You die...

#......<# ###.#
#######.##.. .).......#
#.# ........##.#
#####.###.# #.#
#.##.....##.# #.# #.# #.#
#...........# #.# #.# #.#
#.....%..†..# #.#
...≈≈≈≈.....# #.#
..⌠≈≈≈≈.....# #.#
...≈≈≈≈...%.# #@#
#...........# + #.#
#..........# #gg.####g#
###..<.....# #.g......#
####.#...#
..h#.############.>.#####
..........#
#######.#######
#.........
........#######


You could see a gnoll sergeant.

Vanquished Creatures
  An ogre (D:3)
  A scorpion (D:4)
  A hound (D:4)
  A centaur skeleton (D:4)
  A worker ant (D:4)
  A hound skeleton (D:4)
  6 adders
  2 worms (D:2)
  6 dart slugs
  2 leopard geckos (D:3)
  4 orcs (D:3)
  8 bats
  7 giant cockroaches
  8 goblins
  9 hobgoblins
  8 jackals
  4 kobolds
  A quokka (D:4)
  A ball python (D:4)
  9 frilled lizards
  15 rats
96 creatures vanquished.

Notes
Turn   | Place    | Note
-------+----------+-------------------------------------------
     0 | D:1      | equalderp2856 the Felid Fighter began the quest for the Orb.
     0 | D:1      | Reached XP level 1. HP: 10/10 MP: 2/2
    40 | D:1      | Reached XP level 2. HP: 12/14 MP: 3/3
   601 | D:1      | Reached XP level 3. HP: 9/17 MP: 4/4
  1189 | D:2      | Found a snail-covered altar of Cheibriados.
  1198 | D:2      | Reached skill level 1 in Stealth
  1826 | D:2      | Reached skill level 5 in Unarmed Combat
  1826 | D:2      | Reached XP level 4. HP: 14/21 MP: 5/5
  2213 | D:3      | Found an opulent altar of Gozag.
  2703 | D:3      | Found a white marble altar of Elyvilon.
  2881 | D:3      | Reached XP level 5. HP: 24/24 MP: 6/6
  3439 | D:4      | Reached skill level 5 in Dodging
  3441 | D:4      | Noticed an ogre
  3456 | D:4      | Slain by an ogre
  3457 | D:4      | Reached XP level 4. HP: -3/21 MP: 5/5
  3577 | D:5      | Entered Level 5 of the Dungeon
  3581 | D:5      | HP: 1/21 [poisoned by an adder]
  3736 | D:5      | Found a staircase to the Ecumenical Temple.
  3824 | D:4      | Reached XP level 5. HP: 16/24 MP: 6/6
  4020 | D:4      | Noticed Menkaure
  4373 | D:4      | Reached skill level 6 in Unarmed Combat
  4599 | D:3      | Killed an ogre
  4599 | D:3      | Gained mutation: You are covered in thick fur. (AC +2) [Felid growth]
  4599 | D:3      | Reached XP level 6. HP: 25/28 MP: 7/7
  4660 | D:4      | Reached skill level 5 in Stealth
  4666 | D:4      | HP: 1/28 [gnoll sergeant/trident (15)]
  4667 | D:4      | Mangled by a gnoll sergeant

Skill      XL: |  1  2  3  4  5  6 |
---------------+-------------------+-----
Stealth        | 1 4 3 5 |  5.0
Unarmed Combat | 5 6 |  6.2
Dodging        | 5 |  5.3
Fighting       | |  3.3

Action                   |  1- 3 |  4- 6 || total
-------------------------+-------+-------++-------
Melee: Unarmed           |   106 |   142 ||   248
       Bite              |     7 |     9 ||    16
       Punch             |     2 |     4 ||     6
  Use: Potion            |       |     1 ||     1
 Stab: Sleeping          |       |    11 ||    11
       Distracted        |       |     2 ||     2
  Eat: Chunk             |     5 |     6 ||    11
Armor: Skin              |    10 |     3 ||    13
Dodge: Dodged            |    72 |   104 ||   176
